 Dungeon Crawl Stone Soup version 0.18.1-47-g9310371 (webtiles) character file.

963 DevlanMud the Poker (level 7, -13/55 HPs)
             Began as a Demonspawn Monk on June 22, 2016.
             Was an Elder of Makhleb.
             Mangled by an orc warrior
             ... wielding a +0 battleaxe
              (19 damage)
             ... on level 5 of the Dungeon.
             The game lasted 00:18:12 (5439 turns).

DevlanMud the Poker (Demonspawn Monk)               Turns: 5439, Time: 00:18:13

Health: -13/55     AC: 19    Str: 13    XL:     7   Next: 92%
Magic:  9/9        EV: 10    Int: 11    God:    Makhleb [****..]
Gold:   232        SH:  0    Dex: 21    Spells: 0 memorised, 6 levels left

rFire  + . .     SeeInvis .     x - +3 spear
rCold  . . .     Gourm    .     v - +1 plate armour "Inaexefu" {rElec rF+ Stlth+}
rNeg   . . .     Faith    .     (no shield)
rPois  .         Spirit   .     q - +2 helmet
rElec  +         Dismiss  .     (no cloak)
rCorr  .         Reflect  .     k - -1 pair of gloves
SustAt .         Harm     .     l - +0 pair of boots
MR     .....                    (no amulet)
Stlth  ..........               (no ring)
                                (no ring)

@: agile, not resistant to hostile enchantments, extremely unstealthy
A: hooves 1, thin metallic scales 2, powered by death 1
a: Minor Destruction, Lesser Servant of Makhleb, Major Destruction, Renounce
Religion


You were on level 5 of the Dungeon.
You worshipped Makhleb.
Makhleb was greatly pleased with you.
You were hungry.

You visited 1 branch of the dungeon, and saw 6 of its levels.

You collected 232 gold pieces.

Inventory:

Hand Weapons
 f - a +1 spear
 x - a +3 spear (weapon)
Armour
 k - a -1 pair of gloves (worn)
 l - a +0 pair of boots (worn)
 q - a +2 helmet (worn)
 v - the +1 plate armour "Inaexefu" (worn) {rElec rF+ Stlth+}
   (You found it on level 4 of the Dungeon)

   It protects you from fire.
   It insulates you from electricity.
   It makes you more stealthy.
Wands
 c - a wand of acid (15/15)
 u - a wand of flame (18/48)
Scrolls
 d - a scroll of remove curse
 e - 3 scrolls of enchant armour
 h - 3 scrolls of magic mapping
 i - a scroll of fog
 t - 2 scrolls of enchant weapon
Potions
 a - 2 potions of brilliance
 g - a potion of berserk rage
 m - a potion of curing {unknown}
 p - 3 potions of heal wounds
 r - a potion of might {unknown}
 w - a potion of flight {unknown}
 z - a potion of cure mutation
 A - a potion of magic {unknown}
Comestibles
 b - 5 bread rations
 n - 5 meat rations


   Skills:
 + Level 4.7 Fighting
 * Level 5.0 Polearms
 + Level 2.4 Armour
 + Level 4.6 Dodging
 - Level 1.7 Stealth
 - Level 3.6 Unarmed Combat
 * Level 3.6 Invocations
 + Level 0.2 Evocations


You had 6 spell levels left.
You didn't know any spells.

Dungeon Overview and Level Annotations

Branches:
Dungeon (6/15)             Temple (0/1) D:4

Altars:
Gozag
Makhleb
Okawaru
Pakellas
Ru
Xom
The Shining One


Innate Abilities, Weirdness & Mutations

You have large cloven feet.
You are mostly covered in thin metallic scales (AC +3).
You regenerate a little health from kills.


Message History

The orc warrior is severely wounded.
The orc warrior barely misses you.
Your plate armour "Inaexefu" prevents you from hitting the orc warrior.
The orc warrior is severely wounded.
You closely miss the orc warrior.
The orc warrior is severely wounded.
The orc warrior hits you but does no damage.
You hit the orc warrior but do no damage.
The orc warrior is severely wounded.
The orc warrior hits you but does no damage.
You completely miss the orc warrior.
The orc warrior is severely wounded.
You closely miss the orc warrior.
The orc warrior is severely wounded.
The orc warrior hits you with a battleaxe!!
* * * LOW HITPOINT WARNING * * *
Your plate armour "Inaexefu" prevents you from hitting the orc warrior.
The orc warrior is severely wounded.
The orc warrior hits you with a battleaxe!!
You die...

####### ##
#.....# #.
#.....# #[
#.....# #.
#.....# #.
#.....#### #.
###....@o# ##
#......#
#......#
#......#
#......#
###......#
#........####
#.####......#
##.##
#......#


You could see an orc warrior.

Vanquished Creatures
  A sky beast (D:5)
  2 phantoms (D:4)
  The ghost of Antithesis the Poker, an amateur MfGl of Okawaru (D:3)
  A centaur (D:5)
  A scorpion (D:5)
  A crimson imp (D:5)
  2 hounds
  2 orc wizards (D:4)
  An orc priest (D:3)
  2 worker ants (D:4)
  Robin (D:2)
  4 gnolls
  6 adders
  A shadow imp (D:5)
  4 worms
  2 dart slugs (D:3)
  6 giant geckos
  15 orcs
  3 giant cockroaches
  7 hobgoblins
  11 jackals
  10 kobolds
  3 quokkas
  2 ball pythons
  7 bats
  5 giant newts
  14 goblins
  12 rats
127 creatures vanquished.

Vanquished Creatures (collateral kills)
  2 gnolls (D:4)
2 creatures vanquished.

Vanquished Creatures (others)
  A giant gecko (D:3)
1 creature vanquished.

Grand Total: 130 creatures vanquished

Notes
Turn   | Place    | Note
--------------------------------------------------------------
     0 | D:1      | DevlanMud the Demonspawn Monk began the quest for the Orb.
     0 | D:1      | Reached XP level 1. HP: 18/18 MP: 1/1
   233 | D:1      | Gained mutation: You are partially covered in thin metallic scales (AC +2). [demonic ancestry]
   233 | D:1      | Reached XP level 2. HP: 20/24 MP: 2/2
   737 | D:1      | Reached skill level 1 in Polearms
  1085 | D:1      | Reached XP level 3. HP: 14/29 MP: 3/3
  1446 | D:2      | Noticed Robin
  1651 | D:2      | Killed Robin
  1704 | D:2      | Found a glowing golden altar of the Shining One.
  1727 | D:2      | Reached XP level 4. HP: 33/35 MP: 4/4
  1753 | D:2      | Found a burning altar of Makhleb.
  1774 | D:2      | Reached skill level 2 in Polearms
  1954 | D:2      | Became a worshipper of Makhleb the Destroyer
  1954 | D:2      | Reached * piety under Makhleb
  1954 | D:2      | Reached ** piety under Makhleb
  2598 | D:2      | Found an oddly glowing altar of Pakellas.
  2598 | D:2      | Found an opulent altar of Gozag.
  2779 | D:2      | Gained mutation: You are mostly covered in thin metallic scales (AC +3). [demonic ancestry]
  2779 | D:2      | Reached XP level 5. HP: 41/41 MP: 5/5
  3225 | D:3      | Reached skill level 3 in Polearms
  3225 | D:3      | Reached skill level 1 in Invocations
  3228 | D:3      | Reached *** piety under Makhleb
  3603 | D:3      | Noticed Antithesis's ghost (amateur MfGl)
  3616 | D:3      | Killed Antithesis's ghost
  3616 | D:3      | Gained mutation: You regenerate a little health from kills. [demonic ancestry]
  3616 | D:3      | Reached XP level 6. HP: 30/48 MP: 5/7
  3913 | D:4      | Got an ancient plate armour
  3926 | D:4      | Identified the +1 plate armour "Inaexefu" {rElec rF+ Stlth+} (You found it on level 4 of the Dungeon)
  4133 | D:4      | Reached skill level 4 in Polearms
  4133 | D:4      | Reached skill level 1 in Armour
  4133 | D:4      | Gained mutation: You have large cloven feet. [demonic ancestry]
  4133 | D:4      | Reached XP level 7. HP: 54/54 MP: 7/9
  4307 | D:4      | Found a sacrificial altar of Ru.
  4514 | D:4      | Found a staircase to the Ecumenical Temple.
  4567 | D:5      | Entered Level 5 of the Dungeon
  4817 | D:5      | Reached **** piety under Makhleb
  5076 | D:5      | Found an iron altar of Okawaru.
  5087 | D:5      | Found a shimmering altar of Xom.
  5088 | D:5      | Found a shimmering altar of Xom.
  5089 | D:5      | Found a shimmering altar of Xom.
  5273 | D:5      | Reached skill level 5 in Polearms
  5439 | D:5      | Mangled by an orc warrior

Skill      XL: |  1  2  3  4  5  6  7 |
---------------+----------------------+-----
Dodging        | 3 4 |  4.6
Polearms       | 1 2 3 4 5 |  5.0
Invocations    | 1 2 3 |  3.6
Fighting       | 4 |  4.7
Armour         | 1 2 |  2.4
Stealth        | |  1.7
Unarmed Combat | |  3.6
Evocations     | |  0.2

Action                   |  1- 3 |  4- 6 |  7- 9 || total
-------------------------+-------+-------+-------++-------
Melee: Spear             |   144 |   356 |   227 ||   727
       Unarmed           |     3 |       |       ||     3
       Punch             |     3 |     8 |     2 ||    13
Invok: Lesser Servant of |       |     1 |       ||     1
Evoke: Wand              |       |     6 |       ||     6
  Use: Scroll            |     7 |     5 |     5 ||    17
       Potion            |       |       |     2 ||     2
 Stab: Sleeping          |     5 |    12 |       ||    17
       Distracted        |     2 |       |       ||     2
  Eat: Chunk             |     3 |     8 |     4 ||    15
Armor: Robe              |    28 |    35 |       ||    63
       Scale mail        |       |    34 |       ||    34
       Leather armour    |       |     7 |       ||     7
       Plate armour      |       |    35 |   137 ||   172
Dodge: Dodged            |    83 |   129 |    45 ||   257
